TOP OF THE 1ST |
Vermont Lake Monsters batting - Pitching for Pawnee ParksNRec : RHP Pedro López
|
Pitching: RHP Pedro López
|
|
Batting: RHB Wally Hill
|
0-0: Ball 1-0: Ball 2-0: Ball 3-0: Foul Ball, location: 2F 3-1: Base on Balls
|
Batting: SHB Enrique Martínez
|
0-0: Ball 1-0: Ball Wally Hill steals 2nd base 2-0: Called Strike 2-1: Foul Ball, location: 2F 2-2: Foul Ball, location: 2F 2-2: Ball 3-2: Strikes out swinging
|
Batting: LHB Todd Strachota
|
0-0: Called Strike 0-1: Foul Ball, location: 2F 0-2: Ground out 5-3 (Groundball, 56S, EV 73.1 MPH) Wally Hill to third
|
Batting: RHB Dragoljub Kandic
|
0-0: Ball 1-0: Called Strike 1-1: Fly out, F7 (Line Drive, 7D, EV 104.4 MPH)
|
Top of the 1st over - 0 runs, 0 hits, 0 errors, 1 left on base; Vermont 0 - Pawnee 0 |
BOTTOM OF THE 1ST |
Pawnee ParksNRec batting - Pitching for Vermont Lake Monsters : RHP David Schrattenthaler
|
Pitching: RHP David Schrattenthaler
|
|
Batting: RHB Hiroshige Ohashi
|
0-0: SINGLE (Groundball, 6MD, EV 99.4 MPH)
|
Batting: RHB Charles Atkinson
|
0-0: Ball 1-0: Foul Ball, location: 2F 1-1: Ball 2-1: Swinging Strike 2-2: Foul Ball, location: 2F 2-2: Ball Hiroshige Ohashi steals 2nd base (no throw) 3-2: DOUBLE (Flyball, 78D, EV 101.2 MPH) Hiroshige Ohashi scores
|
Batting: RHB Josh Mawdesley
|
0-0: Ball 1-0: Ball 2-0: Ball 3-0: Swinging Strike 3-1: Called Strike 3-2: Foul Ball, location: 2F 3-2: Ground out 5-3 (Groundball, 56S, EV 71.2 MPH) Charles Atkinson to third
|
Batting: LHB Won-shik Yi
|
0-0: Called Strike 0-1: Ball 1-1: Called Strike 1-2: Foul Ball, location: 2F 1-2: SINGLE (Line Drive, 89M, EV 98.1 MPH) Charles Atkinson scores
|
Batting: RHB Elmer Kent
|
0-0: Swinging Strike 0-1: Foul Ball, location: 2F 0-2: Ball 1-2: Ball 2-2: DOUBLE (Line Drive, 78XD, EV 105.6 MPH) Won-shik Yi to third
|
Batting: RHB Bartolo Álvarez
|
0-0: Ball 1-0: Ball 2-0: Called Strike 2-1: Foul Ball, location: 2F 2-2: Foul Ball, location: 2F 2-2: Foul Ball, location: 2F 2-2: Ball 3-2: Base on Balls
|
Batting: RHB Baldwin Biele
|
0-0: Ball 1-0: Ball 2-0: Called Strike 2-1: Ball 3-1: Foul Ball, location: 2F 3-2: Strikes out swinging
|
Batting: RHB Abel Murphy
|
0-0: Ball 1-0: Ground out 5-3 (Groundball, 56S, EV 82.5 MPH)
|
Bottom of the 1st over - 2 runs, 4 hits, 0 errors, 3 left on base; Vermont 0 - Pawnee 2 |
TOP OF THE 2ND |
Vermont Lake Monsters batting - Pitching for Pawnee ParksNRec : RHP Pedro López
|
Batting: RHB Phil Sherman
|
0-0: Called Strike 0-1: Ball 1-1: Swinging Strike 1-2: Ball 2-2: Ground out 6-3 (Groundball, 6, EV 106.9 MPH)
|
Batting: RHB Mark Kirk
|
0-0: Ground out 6-3 (Groundball, 6, EV 80.0 MPH)
|
Batting: LHB Ryan Ferguson
|
0-0: Ball 1-0: Called Strike 1-1: SINGLE (Groundball, 34D, EV 102.5 MPH)
|
Batting: RHB Meshach Ashpenaz
|
0-0: Ball 1-0: Ball 2-0: Foul Ball, location: 2F 2-1: Called Strike 2-2: Strikes out looking
|
Top of the 2nd over - 0 runs, 1 hit, 0 errors, 1 left on base; Vermont 0 - Pawnee 2 |
BOTTOM OF THE 2ND |
Pawnee ParksNRec batting - Pitching for Vermont Lake Monsters : RHP David Schrattenthaler
|
Batting: RHB Henry Kent
|
0-0: Ball 1-0: Foul Ball, location: 2F 1-1: Ball 2-1: Fly out, F3 (Popup, 34, EV 75.6 MPH)
|
Batting: RHB Hiroshige Ohashi
|
0-0: Ball 1-0: Foul Ball, location: 2F 1-1: Fly out, F9 (Flyball, 89S, EV 86.9 MPH)
|
Batting: RHB Charles Atkinson
|
0-0: DOUBLE (Line Drive, 89D, EV 110.6 MPH)
|
Batting: RHB Josh Mawdesley
|
0-0: Fly out, F9 (Flyball, 9LS, EV 77.5 MPH)
|
Bottom of the 2nd over - 0 runs, 1 hit, 0 errors, 1 left on base; Vermont 0 - Pawnee 2 |
TOP OF THE 3RD |
Vermont Lake Monsters batting - Pitching for Pawnee ParksNRec : RHP Pedro López
|
Batting: SHB Junya Furuya
|
0-0: Called Strike 0-1: Ball 1-1: Ball 2-1: Swinging Strike 2-2: Ball 3-2: Base on Balls
|
Batting: RHB Wally Hill
|
0-0: Foul Ball, location: 2F 0-1: Foul Ball, location: 2F 0-2: Strikes out swinging
|
Batting: SHB Enrique Martínez
|
0-0: Called Strike 0-1: Ball 1-1: Ball 2-1: Foul Ball, location: 2F 2-2: Ball 3-2: Foul Ball, location: 2F 3-2: Base on Balls Junya Furuya to second
|
Batting: LHB Todd Strachota
|
0-0: Called Strike 0-1: Called Strike 0-2: Fly out, F8 (Flyball, 8LM, EV 91.9 MPH)
|
Batting: RHB Dragoljub Kandic
|
0-0: Ball 1-0: Ball 2-0: Foul Ball, location: 2F 2-1: Ball 3-1: Base on Balls Junya Furuya to third Enrique Martínez to second
|
Batting: RHB Phil Sherman
|
0-0: Called Strike 0-1: Foul Ball, location: 2F 0-2: Fly out, F8 (Flyball, 78D, EV 86.9 MPH)
|
Top of the 3rd over - 0 runs, 0 hits, 0 errors, 3 left on base; Vermont 0 - Pawnee 2 |
BOTTOM OF THE 3RD |
Pawnee ParksNRec batting - Pitching for Vermont Lake Monsters : RHP David Schrattenthaler
|
Batting: LHB Won-shik Yi
|
0-0: Called Strike 0-1: Ball 1-1: Ball 2-1: Foul Ball, location: 2F 2-2: Ground out U3 (Groundball, 34, EV 86.9 MPH)
|
Batting: RHB Elmer Kent
|
0-0: Called Strike 0-1: Ball 1-1: Swinging Strike 1-2: Foul Ball, location: 2F 1-2: Fly out, F8 (Flyball, 8LM, EV 88.1 MPH)
|
Batting: RHB Bartolo Álvarez
|
0-0: Called Strike 0-1: Ball 1-1: Ball 2-1: Foul Ball, location: 2F 2-2: Foul Ball, location: 2F 2-2: Strikes out swinging
|
Bottom of the 3rd over - 0 runs, 0 hits, 0 errors, 0 left on base; Vermont 0 - Pawnee 2 |
TOP OF THE 4TH |
Vermont Lake Monsters batting - Pitching for Pawnee ParksNRec : RHP Pedro López
|
Batting: RHB Mark Kirk
|
0-0: Called Strike 0-1: Fly out, F7 (Line Drive, 7, EV 96.2 MPH)
|
Batting: LHB Ryan Ferguson
|
0-0: Ball 1-0: Ball 2-0: Ball 3-0: Called Strike 3-1: Foul Ball, location: 2F 3-2: Ground out 4-3 (Groundball, 34, EV 80.0 MPH)
|
Batting: RHB Meshach Ashpenaz
|
0-0: Called Strike 0-1: Swinging Strike 0-2: Ground out 6-3 (Groundball, 4MS, EV 70.0 MPH)
|
Top of the 4th over - 0 runs, 0 hits, 0 errors, 0 left on base; Vermont 0 - Pawnee 2 |
BOTTOM OF THE 4TH |
Pawnee ParksNRec batting - Pitching for Vermont Lake Monsters : RHP David Schrattenthaler
|
Batting: RHB Baldwin Biele
|
0-0: Ball 1-0: Foul Ball, location: 2F 1-1: Called Strike 1-2: Ball 2-2: Single, Error in OF, E7, batter to second base (Groundball, 56D, EV 93.8 MPH)
|
Batting: RHB Abel Murphy
|
0-0: Fly out, F9 (Flyball, 9S, EV 89.4 MPH)
|
Batting: RHB Henry Kent
|
0-0: Ball Wild Pitch! Baldwin Biele to third 1-0: Foul Ball, location: 2F 1-1: Ball 2-1: Swinging Strike 2-2: Ball 3-2: Ground out 6-3 (Groundball, 6, EV 105.0 MPH) Baldwin Biele scores
|
Batting: RHB Hiroshige Ohashi
|
0-0: Ball 1-0: Called Strike 1-1: Ball 2-1: Ground out 6-3 (Groundball, 6, EV 84.4 MPH)
|
Bottom of the 4th over - 1 run, 1 hit, 1 error, 0 left on base; Vermont 0 - Pawnee 3 |
TOP OF THE 5TH |
Vermont Lake Monsters batting - Pitching for Pawnee ParksNRec : RHP Pedro López
|
Batting: SHB Junya Furuya
|
0-0: Fly out, F7 (Flyball, 7, EV 86.9 MPH)
|
Batting: RHB Wally Hill
|
0-0: Called Strike 0-1: Foul Ball, location: 2F 0-2: Strikes out swinging
|
Batting: SHB Enrique Martínez
|
0-0: Called Strike 0-1: Fly out, F3 (Line Drive, 3, EV 70.6 MPH)
|
Top of the 5th over - 0 runs, 0 hits, 0 errors, 0 left on base; Vermont 0 - Pawnee 3 |
BOTTOM OF THE 5TH |
Pawnee ParksNRec batting - Pitching for Vermont Lake Monsters : RHP David Schrattenthaler
|
Batting: RHB Charles Atkinson
|
0-0: Foul Ball, location: 2F 0-1: Ball 1-1: Swinging Strike 1-2: Ball 2-2: Foul Ball, location: 2F 2-2: Foul Ball, location: 2F 2-2: SINGLE (Groundball, 13S, EV 71.9 MPH) (infield hit)
|
Batting: RHB Josh Mawdesley
|
0-0: Foul Ball, location: 2F 0-1: SINGLE (Groundball, 6MD, EV 97.5 MPH) Charles Atkinson to second
|
Batting: LHB Won-shik Yi
|
0-0: Called Strike 0-1: Foul Ball, location: 2F 0-2: DOUBLE (Line Drive, 8LXD, EV 106.2 MPH) Charles Atkinson scores Josh Mawdesley to third
|
Batting: RHB Elmer Kent
|
0-0: Called Strike 0-1: Foul Ball, location: 2F 0-2: Ball 1-2: Ball 2-2: Ball 3-2: SINGLE (Line Drive, 9S, EV 85.0 MPH) Josh Mawdesley scores Won-shik Yi to third
|
Pitching: LHP Jesús Fregaso
|
|
Batting: RHB Bartolo Álvarez
|
0-0: Foul Ball, location: 2F 0-1: Ball 1-1: Foul Ball, location: 2F 1-2: Ball 2-2: Ball 3-2: Base on Balls Elmer Kent to second
|
Batting: RHB Baldwin Biele
|
0-0: Ball 1-0: DOUBLE (Flyball, 8LXD, EV 105.0 MPH) Won-shik Yi scores Elmer Kent scores Bartolo Álvarez to third
|
Batting: RHB Abel Murphy
|
0-0: Swinging Strike 0-1: Ball 1-1: Foul Ball, location: 2F 1-2: Foul Ball, location: 2F 1-2: Fly out, F7 (Flyball, 7, EV 86.2 MPH) Runner from 3rd tags up, SCORES, throw by LF
|
Batting: RHB Henry Kent
|
0-0: Ball 1-0: Called Strike 1-1: Foul Ball, location: 2F 1-2: Foul Ball, location: 2F 1-2: Foul Ball, location: 2F 1-2: Ball 2-2: Foul Ball, location: 2F 2-2: Strikes out looking
|
Batting: RHB Hiroshige Ohashi
|
0-0: Called Strike 0-1: Ball 1-1: Fly out, F9 (Flyball, 89M, EV 88.8 MPH)
|
Bottom of the 5th over - 5 runs, 5 hits, 0 errors, 1 left on base; Vermont 0 - Pawnee 8 |
TOP OF THE 6TH |
Vermont Lake Monsters batting - Pitching for Pawnee ParksNRec : RHP Pedro López
|
Batting: LHB Todd Strachota
|
0-0: Ball 1-0: Called Strike 1-1: Ball 2-1: Foul Ball, location: 2F 2-2: Ball 3-2: DOUBLE (Flyball, 78D, EV 109.4 MPH)
|
Batting: RHB Dragoljub Kandic
|
0-0: Ball 1-0: Ball 2-0: Called Strike 2-1: Ball 3-1: DOUBLE (Flyball, 8RXD, EV 98.8 MPH) Todd Strachota scores
|
Batting: RHB Phil Sherman
|
0-0: Called Strike 0-1: Fly out, F9 (Flyball, 9LS, EV 85.0 MPH)
|
Batting: RHB Mark Kirk
|
0-0: Called Strike 0-1: Foul Ball, location: 2F 0-2: Foul Ball, location: 2F 0-2: Ball 1-2: Foul Ball, location: 2F 1-2: Ball 2-2: SINGLE (Line Drive, 78S, EV 106.2 MPH) Dragoljub Kandic to third
|
Pitching: RHP Nand Lal Chaudhary
|
|
Batting: LHB Ryan Ferguson
|
0-0: Ball 1-0: Foul Ball, location: 2F 1-1: Fly out, F8 (Flyball, 8RM, EV 81.9 MPH) Runner from 3rd tags up, SCORES, throw by CF
|
Batting: RHB Meshach Ashpenaz
|
0-0: Swinging Strike 0-1: Ball 1-1: Called Strike 1-2: Strikes out swinging
|
Top of the 6th over - 2 runs, 3 hits, 0 errors, 1 left on base; Vermont 2 - Pawnee 8 |
BOTTOM OF THE 6TH |
Pawnee ParksNRec batting - Pitching for Vermont Lake Monsters : LHP Jesús Fregaso
|
Batting: RHB Charles Atkinson
|
0-0: Fly out, F8 (Line Drive, 8RD, EV 90.6 MPH)
|
Batting: RHB Josh Mawdesley
|
0-0: Called Strike 0-1: Ball 1-1: Foul Ball, location: 2F 1-2: Foul Ball, location: 2F 1-2: SINGLE (Line Drive, 6MD, EV 108.8 MPH)
|
Batting: LHB Won-shik Yi
|
0-0: Called Strike 0-1: Swinging Strike 0-2: Fly out, F8 (Flyball, 8RM, EV 91.2 MPH)
|
Batting: RHB Elmer Kent
|
0-0: Ball 1-0: Foul Ball, location: 2F 1-1: SINGLE (Groundball, 34D, EV 103.8 MPH) Josh Mawdesley to second Runner from 2nd tries for 3rd, OUT! 9-5
|
Bottom of the 6th over - 0 runs, 2 hits, 0 errors, 1 left on base; Vermont 2 - Pawnee 8 |
TOP OF THE 7TH |
Vermont Lake Monsters batting - Pitching for Pawnee ParksNRec : RHP Nand Lal Chaudhary
|
Batting: SHB Junya Furuya
|
0-0: Ball 1-0: Called Strike 1-1: Ball 2-1: Ground out 5-3 (Groundball, 5, EV 84.4 MPH)
|
Batting: RHB Wally Hill
|
0-0: Ball 1-0: Ball 2-0: Fly out, F9 (Flyball, 9D, EV 96.9 MPH)
|
Batting: SHB Enrique Martínez
|
0-0: Called Strike 0-1: Foul Ball, location: 2F 0-2: SINGLE (Groundball, 6D, EV 99.4 MPH)
|
Batting: LHB Todd Strachota
|
0-0: Called Strike 0-1: Called Strike Enrique Martínez steals 2nd base 0-2: Ball 1-2: Ball 2-2: Foul Ball, location: 2F 2-2: Ball 3-2: Strikes out swinging
|
Top of the 7th over - 0 runs, 1 hit, 0 errors, 1 left on base; Vermont 2 - Pawnee 8 |
BOTTOM OF THE 7TH |
Pawnee ParksNRec batting - Pitching for Vermont Lake Monsters : LHP Jesús Fregaso
|
Batting: RHB Bartolo Álvarez
|
0-0: Ball 1-0: Called Strike 1-1: Ball 2-1: Foul Ball, location: 2F 2-2: Foul Ball, location: 2F 2-2: Ball 3-2: Fly out, F8 (Flyball, 8LM, EV 94.4 MPH)
|
Batting: RHB Baldwin Biele
|
0-0: Ball 1-0: Swinging Strike 1-1: Foul Ball, location: 2F 1-2: Strikes out swinging
|
Batting: RHB Abel Murphy
|
0-0: Ball 1-0: Swinging Strike 1-1: SINGLE (Line Drive, 34D, EV 96.9 MPH)
|
Batting: RHB Henry Kent
|
0-0: Ball 1-0: Ball 2-0: Swinging Strike 2-1: Foul Ball, location: 2F 2-2: Strikes out looking
|
Bottom of the 7th over - 0 runs, 1 hit, 0 errors, 1 left on base; Vermont 2 - Pawnee 8 |
TOP OF THE 8TH |
Vermont Lake Monsters batting - Pitching for Pawnee ParksNRec : RHP Nand Lal Chaudhary
|
Batting: RHB Dragoljub Kandic
|
0-0: Called Strike 0-1: Ball 1-1: SINGLE (Line Drive, 56D, EV 96.2 MPH)
|
Pitching: RHP Álex Ortíz
|
|
Batting: RHB Phil Sherman
|
0-0: Called Strike 0-1: Ball 1-1: SINGLE (Line Drive, 4D, EV 102.5 MPH) Dragoljub Kandic to second
|
Batting: RHB Mark Kirk
|
0-0: Called Strike 0-1: Fielders Choice at 2nd, 3-6 (Groundball, 34, EV 99.4 MPH) Dragoljub Kandic to third
|
Batting: LHB Ryan Ferguson
|
0-0: Ball 1-0: Called Strike 1-1: Ball 2-1: Ball 3-1: Base on Balls Mark Kirk to second
|
Batting: RHB Meshach Ashpenaz
|
0-0: Called Strike 0-1: Called Strike 0-2: Ball 1-2: Ball 2-2: Foul Ball, location: 2F 2-2: SINGLE (Groundball, 4MS, EV 68.8 MPH) (infield hit) Dragoljub Kandic scores Mark Kirk to third Ryan Ferguson to second
|
Batting: SHB Junya Furuya
|
0-0: Ball 1-0: Ball 2-0: Swinging Strike 2-1: Swinging Strike 2-2: Ball 3-2: Strikes out swinging
|
Batting: RHB Wally Hill
|
0-0: Called Strike 0-1: Called Strike 0-2: Fly out, F8 (Flyball, 8RD, EV 85.6 MPH)
|
Top of the 8th over - 1 run, 3 hits, 0 errors, 3 left on base; Vermont 3 - Pawnee 8 |
BOTTOM OF THE 8TH |
Pawnee ParksNRec batting - Pitching for Vermont Lake Monsters : LHP Jesús Fregaso
|
Pitching: RHP Luis Cuevas
|
|
Batting: RHB Hiroshige Ohashi
|
0-0: Ball 1-0: Ball 2-0: Ground out 1-3 (Groundball, 34S, EV 84.4 MPH)
|
Batting: RHB Charles Atkinson
|
0-0: Called Strike 0-1: Ball 1-1: Ball 2-1: SINGLE (Groundball, 56D, EV 108.8 MPH)
|
Batting: RHB Josh Mawdesley
|
0-0: Foul Ball, location: 2F 0-1: Fielders Choice at 2nd, 6-4 (Groundball, 6D, EV 98.1 MPH)
|
Batting: LHB Won-shik Yi
|
0-0: Ball 1-0: Ball 2-0: Ball 3-0: Called Strike 3-1: Base on Balls Josh Mawdesley to second
|
Batting: RHB Elmer Kent
|
0-0: Ball 1-0: Foul Ball, location: 2F 1-1: Called Strike 1-2: Fly out, F8 (Line Drive, 8RM, EV 88.8 MPH)
|
Bottom of the 8th over - 0 runs, 1 hit, 0 errors, 2 left on base; Vermont 3 - Pawnee 8 |
TOP OF THE 9TH |
Vermont Lake Monsters batting - Pitching for Pawnee ParksNRec : RHP Álex Ortíz
|
Batting: SHB Enrique Martínez
|
0-0: SINGLE (Groundball, 6S, EV 70.0 MPH) (infield hit)
|
Batting: LHB Todd Strachota
|
0-0: Foul Ball, location: 2F 0-1: Ball 1-1: Called Strike 1-2: Strikes out looking
|
Batting: RHB Dragoljub Kandic
|
0-0: Swinging Strike 0-1: Ball Wild Pitch! Enrique Martínez to second 1-1: Called Strike 1-2: Strikes out swinging
|
Pitching: LHP Pedro Montáńez
|
|
Batting: RHB Phil Sherman
|
0-0: Swinging Strike 0-1: Swinging Strike 0-2: Ball 1-2: Strikes out swinging
|
Top of the 9th over - 0 runs, 1 hit, 0 errors, 1 left on base; Vermont 3 - Pawnee 8 |
|